 Dungeon Sprint DCSS version bcrawl-1.21.3-2-g9d8a61a446 (webtiles) character file.

Game seed: 14153675677173745999

1950 funkygono the Blocker (level 9, -2/81 HPs)
             Began as a Formicid Fighter on Apr 13, 2020.
             Was a High Priest of Jiyva.
             Slain by a greater mummy
             ... wielding the +10 Vampire's Tooth {vamp}
              (10 damage)
             ... in the Dungeon (Sprint V: "Ziggurat Sprint").
             The game lasted 00:04:35 (625 turns).

funkygono the Blocker (Formicid Fighter)             Turns: 625, Time: 00:04:36

Health: -2/81      AC: 31    Str: 35    XL:     9   Next: 41%
Magic:  9/9        EV:  3    Int:  7    God:    Jiyva [*****.]
Gold:   0          SH: 34    Dex: 10    Spells: 7/8 levels left

rFire    . . .     SeeInvis +   N - +11 plutonium sword {*Contam Stlth-}
rCold    . . .     Gourm    .   J - +18 shield of the Gong {rElec rN+ MR+ EV-5}
rNeg     + . .     Faith    .   I - +15 Maxwell's patent armour {-Cast -Tele rElec MR+ rCorr}
rPois    .         Spirit   .   (helmet unavailable)
rElec    +         Reflect  .   (no cloak)
rCorr    +         Harm     .   (no gloves)
MR       +++..     NoCast   +   (no boots)
Stlth    ..........             (no amulet)
HPRegen  0.23/turn              A - +6 ring of strength
MPRegen  0.11/turn              B - +6 ring of strength

@: lethally poisoned (-2 -> -37), starving
A: permanent stasis, dig shafts and tunnels, four strong arms, antennae 3, dopey
1, magic resistance 1
a: Dig, Request Jelly, Evolve, Slimify, Cure Bad Mutation, Renounce Religion


You were in the Dungeon.
You worshipped Jiyva.
Jiyva was extremely pleased with you.
You were starving.

You visited 1 branch

Inventory:

Hand Weapons
 c - a +5 triple sword
 N - the +11 plutonium sword (weapon) {*Contam Stlth-}
   (You found it in the Dungeon)

   It causes magical contamination when unequipped.
   It makes you less stealthy.
Armour
 a - +5 gold dragon scales
 b - a +3 large shield
 I - the +15 Maxwell's patent armour (worn) {-Cast -Tele rElec MR+ rCorr}
   (You found it in the Dungeon)

   It insulates you from electricity.
   It affects your resistance to hostile enchantments.
   It prevents spellcasting.
   It prevents most forms of teleportation.
   It provides partial protection from all sources of acid and corrosion.
 J - the +18 shield of the Gong (worn) {rElec rN+ MR+ EV-5}
   (You found it in the Dungeon)

   It affects your evasion (-5).
   It insulates you from electricity.
   It protects you from negative energy.
   It affects your resistance to hostile enchantments.
Jewellery
 j - an uncursed ring of stealth
 x - a +6 ring of dexterity
 z - a +6 ring of intelligence
 A - a +6 ring of strength (left hand)
 B - a +6 ring of strength (right hand)
Scrolls
 k - a scroll of brand weapon
 q - 4 scrolls of amnesia
 r - 8 scrolls of fog
 s - 5 scrolls of identify
 t - 5 scrolls of remove curse
 u - 2 scrolls of fear
 v - 4 scrolls of enchant armour
Potions
 d - 5 potions of might
 f - 10 potions of curing
 g - 7 potions of heal wounds
 i - 7 potions of magic
 l - 2 potions of brilliance
 m - 2 potions of invisibility
 n - 3 potions of resistance
 o - a potion of experience
 p - 5 potions of agility
Comestibles
 e - 7 rations {!d}


   Skills:
 + Level 11.2 Fighting
 + Level 10.9 Long Blades
 + Level 10.1 Armour
 + Level 13.3 Shields


You had 7 spell levels left.
You knew the following spells:

 Your Spells              Type           Power        Failure   Level  Hunger
a - Beastly Appendage     Tmut           #.....       95%         1    ##.....

Your spell library contained the following spells:

 Spells                   Type           Power        Failure   Level  Hunger
 Sticks to Snakes         Tmut           #.......     98%         2    ###....
 Recall                   Summ/Tloc      N/A          100%        3    ####...
 Spider Form              Tmut/Pois      #..          100%        3    ####...
 Ice Form                 Ice/Tmut       #.......     100%        4    #####..
 Blade Hands              Tmut           #.........   100%        5    ######.
 Irradiate                Conj/Tmut      #.........   100%        5    ######.
 Infestation              Hex/Tmut/Pois  #........    100%        6    #######
 Statue Form              Tmut/Erth      #........    100%        6    #######


Dungeon Overview and Level Annotations

Branches:
Dungeon (1/1)

Altars:
Ashenzari
Cheibriados
Dithmenos
Elyvilon
Fedhas
Gozag
Hepliaklqana
Kikubaaqudgha
Lugonu
Makhleb
Nemelex Xobeh
Okawaru
Qazlal
Ru
Sif Muna
Trog
Uskayaw
Vehumet
Wu Jian
Xom
Yredelemnul
Zin
The Shining One
Beogh
Jiyva

Annotations:
D 1 transporter


Innate Abilities, Weirdness & Mutations

You cannot be hasted, slowed, berserked, paralysed or teleported.
You can dig through walls and to a lower floor.
Your four strong arms can wield two-handed weapons with a shield.
You have a pair of large antennae on your head. (SInv)
You are dopey. (Int -2)
You are resistant to hostile enchantments. (MR+)


Message History

GONNNNG!
The emperor scorpion claws you but does no damage.
You hear a distant slurping noise.
You feel much better.
* * * LOW HITPOINT WARNING * * *
You feel very sick.
The phantasmal warrior hits you but does no damage.
You block the orange demon's attack.
SHROANNG!
You block the shadow's attack.
BOUMMMMG!
The emperor scorpion stings you!
* * * LOW HITPOINT WARNING * * *
You block the emperor scorpion's attack.
GONNNNG!
The emperor scorpion completely misses you.
You block the hungry ghost's attack.
GONNNNG!
The greater mummy hits you with the +10 Vampire's Tooth {vamp}!
You die... ▓▓▓▓▓▓▓▓▓▓▓▓▓▓▓▓▓▓▓ ▓..8©8..▓ {{{{

▓...}}..▓
{ {{{
▓..=[...▓
▓.......▓


▓MWWzV..▓ ▓z8sMZ..▓ ▓WWM4V..▓ ▓Z@MnW..▓ ▓WssMZ..▓ ▓▓▓▓▓▓▓▓▓ { {{ {{{ { {{ You
could see 2 greater mummies, 3 emperor scorpions, a mummy priest, a jiangshi, an
orange demon, 2 phantasmal warriors, a guardian mummy, an ushabti, a spectral
leopard gecko, 2 hungry ghosts, a vampire, a wraith, a necrophage, a shadow, a
flying skull, a mummy, a wight, a giant cockroach simulacrum and a jackal
zombie.

Vanquished Creatures
  3 toenail golems (D)
  A water elemental (D)
  2 tarantellas (D)
  A hell hound (D)
  An earth elemental (D)
  2 scorpions (D)
  An iron imp (D)
  4 mummies (D)
  A shadow imp (D)
  An ufetubus (D)
  A ball python skeleton (D)
  A jackal zombie (D)
19 creatures vanquished.

Vanquished Creatures (others)
  A great orb of eyes (shapeshifter) (D)
  An anaconda (shapeshifter) (D)
  A two-headed ogre (shapeshifter) (D)
  A shock serpent (shapeshifter) (D)
  A fire crab (shapeshifter) (D)
  An unseen horror (shapeshifter) (D)
  An orb spider (shapeshifter) (D)
  A mana viper (shapeshifter) (D)
  A moth of wrath (shapeshifter) (D)
  A faun (shapeshifter) (D)
  3 shining eyes (shapeshifter) (D)
  An elephant (shapeshifter) (D)
  A water nymph (shapeshifter) (D)
  A rime drake (shapeshifter) (D)
  A wind drake (shapeshifter) (D)
  A dream sheep (shapeshifter) (D)
  2 raiju (shapeshifter) (D)
  A golden eye (shapeshifter) (D)
  2 redbacks (shapeshifter) (D)
  A human (shapeshifter) (D)
  A hog (shapeshifter) (D)
  A basilisk (shapeshifter) (D)
  A swamp worm (shapeshifter) (D)
  A crocodile (shapeshifter) (D)
  3 floating eyes (shapeshifter) (D)
  An acid dragon (shapeshifter) (D)
  A water moccasin (shapeshifter) (D)
  A naga (shapeshifter) (D)
  A black bear (shapeshifter) (D)
  A porcupine (shapeshifter) (D)
  A swamp drake (shapeshifter) (D)
  A tengu (shapeshifter) (D)
  An ogre (shapeshifter) (D)
  A boggart (shapeshifter) (D)
  A wolf (shapeshifter) (D)
  2 centaurs (shapeshifter) (D)
  A big kobold (shapeshifter) (D)
  A jelly (shapeshifter) (D)
  An iguana (shapeshifter) (D)
  An ooze (shapeshifter) (D)
  2 worms (shapeshifter) (D)
  A goblin (shapeshifter) (D)
50 creatures vanquished.

Grand Total: 69 creatures vanquished

Notes
Turn   | Place    | Note
-------+----------+-------------------------------------------
     0 | D        | funkygono the Formicid Fighter began the quest for the Orb.
     0 | D        | Reached XP level 1. HP: 18/18 MP: 1/1
     0 | D        | Found a shimmering blue altar of Sif Muna.
     0 | D        | Found a sacrificial altar of Ru.
     0 | D        | Found a bloodstained altar of Trog.
     0 | D        | Found a stormy altar of Qazlal.
     0 | D        | Found an iron altar of Okawaru.
     0 | D        | Found a sparkling altar of Nemelex Xobeh.
     0 | D        | Found a blossoming altar of Fedhas.
     1 | D        | Found the +6 Majin-Bo {vamp, *Drain Str+12 Int+24}
     1 | D        | Found the +7 great mace "Firestarter" {inner flame, rF++}
     2 | D        | Found a transporter.
     2 | D        | Found an ancient bone altar of Kikubaaqudgha.
     2 | D        | Found a viscous altar of Jiyva.
     2 | D        | Found a corrupted altar of Lugonu.
     2 | D        | Found a hazy altar of Hepliaklqana.
     2 | D        | Found a burning altar of Makhleb.
     2 | D        | Found an opulent altar of Gozag.
    22 | D        | Found the +9 heavy crossbow "Sniper" {velocity, Acc+∞ SInv}
    22 | D        | Found the +10 dark maul {crush}
    22 | D        | Found the +15 Maxwell's patent armour {-Cast -Tele rElec
                  | MR+ rCorr}
    22 | D        | Found the +18 shield of the Gong {rElec rN+ MR+ EV-5}
    22 | D        | Found the cursed +14 obsidian axe {chop, +Fly SInv *Curse}
    24 | D        | Found the +6 shillelagh "Devastator" {shatter}
    24 | D        | Found the +11 plutonium sword {*Contam Stlth-}
    24 | D        | Found the +8 lance "Wyrmbane" {slay drac, rPois rF+ rC+
                  | AC+3}
    24 | D        | Found the +9 sword of Zonguldrok {reap}
    24 | D        | Found the cursed +13 scythe of Curses {drain, *Curse}
    24 | D        | Found the +0 sword of Power
    24 | D        | Found the +7 mace of Variability {chain chaos}
    24 | D        | Found the +7 Singing Sword {slice}
    24 | D        | Found the +7 longbow "Piercer" {penet, EV-2}
   178 | D        | Became a worshipper of Jiyva Jesm the Shapeless
   180 | D        | Killed a moth of wrath
   181 | D        | Killed a floating eye
   181 | D        | Killed a redback
   182 | D        | Killed a redback
   183 | D        | Killed a human
   185 | D        | Killed a mana viper
   185 | D        | Killed a water nymph
   185 | D        | Killed an elephant
   188 | D        | Entered arena 2.
   188 | D        | Noticed an earth elemental
   188 | D        | Noticed a water elemental
   188 | D        | Killed a floating eye
   188 | D        | Found a transporter.
   190 | D        | Killed a two-headed ogre
   192 | D        | Killed a dream sheep
   192 | D        | Killed a floating eye
   193 | D        | Killed a water elemental
   193 | D        | Reached skill level 7 in Shields
   193 | D        | Reached XP level 2. HP: 31/31 MP: 2/2
   193 | D        | Reached XP level 3. HP: 36/36 MP: 3/3
   193 | D        | Reached XP level 4. HP: 43/43 MP: 4/4
   193 | D        | Reached XP level 5. HP: 48/48 MP: 5/5
   193 | D        | Killed a great orb of eyes
   193 | D        | Killed a shining eye
   195 | D        | Killed a shining eye
   195 | D        | Killed a shining eye
   198 | D        | Reached skill level 5 in Long Blades
   198 | D        | Reached skill level 8 in Shields
   198 | D        | Reached XP level 6. HP: 56/56 MP: 6/6
   198 | D        | Killed a faun
   198 | D        | Killed a shock serpent
   198 | D        | Killed a wolf
   201 | D        | Killed a naga
   203 | D        | Entered arena 3.
   203 | D        | Noticed a toenail golem
   203 | D        | Noticed a toenail golem
   203 | D        | Noticed a toenail golem
   203 | D        | Killed a porcupine
   203 | D        | Found a transporter.
   204 | D        | Killed a rime drake
   204 | D        | Killed a golden eye
   207 | D        | Killed a tengu
   207 | D        | Killed a boggart
   208 | D        | Killed a toenail golem
   208 | D        | Reached ** piety under Jiyva
   208 | D        | Reached skill level 10 in Shields
   208 | D        | Reached XP level 7. HP: 32/64 MP: 7/7
   210 | D        | Killed a hog
   210 | D        | Killed an orb spider
   211 | D        | Killed a basilisk
   211 | D        | Killed a swamp worm
   212 | D        | Killed a raiju
   212 | D        | Killed an anaconda
   212 | D        | Killed a fire crab
   213 | D        | Killed a toenail golem
   213 | D        | Reached skill level 10 in Fighting
   213 | D        | Reached skill level 11 in Shields
   213 | D        | Reached XP level 8. HP: 39/73 MP: 8/8
   216 | D        | Killed a toenail golem
   216 | D        | Reached skill level 12 in Shields
   230 | D        | Killed a wind drake
   231 | D        | Killed a raiju
   310 | D        | Killed an unseen horror
   370 | D        | Entered arena 4.
   370 | D        | Noticed a tarantella
   370 | D        | Noticed a tarantella
   370 | D        | Found a transporter.
   374 | D        | Killed a tarantella
   374 | D        | Reached skill level 10 in Long Blades
   374 | D        | Reached XP level 9. HP: 81/81 MP: 9/9
   386 | D        | Reached *** piety under Jiyva
   387 | D        | Reached skill level 10 in Armour
   403 | D        | Got the Volume of Transformation and Translocation
   513 | D        | Learned a level 1 spell: Beastly Appendage
   515 | D        | Entered arena 5.
   515 | D        | Found a transporter.
   520 | D        | Gained mutation: You are dopey. (Int -2) [Jiyva's grace]
   524 | D        | Reached **** piety under Jiyva
   524 | D        | Reached skill level 13 in Shields
   535 | D        | Got the +8 quick blade "Ohoakouc" {pierce, rF+}
   546 | D        | Entered arena 6.
   546 | D        | Found a transporter.
   552 | D        | Gained mutation: You are resistant to hostile enchantments.
                  | (MR+) [Jiyva's grace]
   553 | D        | Reached ***** piety under Jiyva
   612 | D        | Entered arena 7.
   612 | D        | Noticed a guardian mummy
   612 | D        | Noticed a greater mummy
   612 | D        | Noticed a mummy priest
   612 | D        | Noticed a greater mummy
   615 | D        | Found a transporter.
   616 | D        | Noticed a hellwing
   616 | D        | Noticed an orange demon
   618 | D        | Noticed a phantasmal warrior
   618 | D        | Noticed an emperor scorpion
   618 | D        | Noticed an emperor scorpion
   618 | D        | Noticed an emperor scorpion
   619 | D        | Noticed a jiangshi
   622 | D        | HP: 2/81 [greater mummy/divine providence (9)]
   624 | D        | Noticed a phantasmal warrior
   625 | D        | Slain by a greater mummy

Skill      XL: |  1  2  3  4  5  6  7  8  9 |
---------------+----------------------------+-----
Fighting       | 7 9 10 11 | 11.2
Long Blades    | 4 5 7 8 10 | 10.9
Armour         | 6 8 9 10 | 10.1
Shields        | 7 8 10 11 12 13 | 13.3

Action                   |  1- 3 |  4- 6 |  7- 9 || total
-------------------------+-------+-------+-------++-------
Melee: Triple sword      |     4 |     7 |    43 ||    54
  Use: Potion            |       |     2 |     3 ||     5
Armor: Plate armour      |     1 |     1 |    82 ||    84
Dodge: Dodged            |       |       |    16 ||    16
Block: Medium shield     |     9 |    11 |   107 ||   127
